 Dungeon Crawl Stone Soup version 0.30-a0-359-gd0147acb1a (webtiles) character file.

Game seed: 4741586534257596942

53 purpskrrrp the Ruffian (level 3, -1/52 HPs)
             Began as a Troll Warper on Nov 11, 2022.
             Was an Initiate of Cheibriados.
             Succumbed to a kobold's poison
             ... on level 2 of the Dungeon.
             The game lasted 00:02:16 (938 turns).

purpskrrrp the Ruffian (Troll Warper)                Turns: 938, Time: 00:02:17

Health: -1/52      AC: 21    Str: 20    XL:     3   Next: 62%
Magic:  4/4        EV:  1    Int: 12    God:    Cheibriados [......]
Gold:   163        SH:  0    Dex: 10    Spells: 3/5 levels left

rFire   . . .      SeeInvis .      - Unarmed
rCold   . . .      Faith    .    (no shield)
rNeg    . . .      Spirit   .    (body armour currently unavailable)
rPois   +          Reflect  .    (helmet currently unavailable)
rElec   .          Harm     .    (cloak currently unavailable)
rCorr   .          Rampage  .    (gloves unavailable)
Will    .....      NoTele   +    (boots unavailable)
Stlth   +.........               (no amulet)
HPRegen 1.08/turn                (no ring)
MPRegen 0.09/turn                (no ring)

@: lethally poisoned (-1 -> -9), tree-form, attractive, on blink cooldown, very
slightly contaminated, very slow
A: stationary, stasis, torment immunity, boosted hp, large, unfitting armour,
(claws 3), regeneration 1, (shaggy fur 1), (tough skin 1)
a: Renounce Religion


You were on level 2 of the Dungeon.
You worshipped Cheibriados.
Cheibriados was noncommittal.
You were a tree.
You visited 1 branch of the dungeon, and saw 2 of its levels.

You collected 163 gold pieces.

Inventory:

Missiles
 c - a boomerang of dispersal
Armour
 a - a +0 robe (melded)
Scrolls
 b - a scroll of blinking
 d - 2 scrolls of identify {unknown}
 f - a scroll of noise {unknown}
 g - 2 scrolls of fear {unknown}
 j - 2 scrolls of teleportation {unknown}
Potions
 i - a potion of attraction


   Skills:
 + Level 2.0 Fighting
 - Level 0.8 Throwing
 + Level 2.2 Dodging
 * Level 2.8 Unarmed Combat
 + Level 1.5 Spellcasting
 + Level 2.4 Translocations


You had 3 spell levels left.
You knew the following spells:

 Your Spells              Type           Power      Damage    Failure   Level
a - Blink                 Tloc           12%        N/A       16%         2

Your spell library contained the following spells:

 Spells                   Type           Power      Damage    Failure   Level
 Slow                     Hex            0%         N/A       28%         1
 Lesser Beckoning         Tloc           12%        N/A       32%         3
 Teleport Other           Tloc           6%         N/A       32%         3
 Vhi's Electric Charge    Tloc/Air       6%         N/A       47%         3
 Confusing Touch          Hex            0%         N/A       65%         3
 Vampiric Draining        Necr           0%         2d6       65%         3
 Manifold Assault         Tloc           6%         N/A       71%         4


Dungeon Overview and Level Annotations

Branches:
Dungeon (2/15)

Altars:
Cheibriados

Shops:
D:2 *


Innate Abilities, Weirdness & Mutations

You are a tree.
Your roots penetrate the ground, keeping you stationary.
You cannot be teleported.
You are immune to unholy pain and torment.
Your maximum health is greatly increased.
Your equipment is partially melded.
You are too large for most types of armour.
((You have claws for hands.))
Your natural rate of healing is unusually fast.
((You are covered in fur. (AC +1)))
((You have tough skin. (AC +1)))


Message History

Casting: Blink (safe; 16% risk of failure)
Confirm with . or Enter, or press ? or * to list all spells.
You miscast Blink.
You are very lightly contaminated with residual magic.
Nothing appears to happen.
* * * LOW HITPOINT WARNING * * *
You feel very sick. The bat hits you but does no damage.
The kobold barely misses you. The adder closely misses you.
Casting: Blink (safe; 16% risk of failure)
Confirm with . or Enter, or press ? or * to list all spells.
You blink.
Found 5 stones.
* * * LOW HITPOINT WARNING * * *
You feel very sick.
It was a potion of attraction.
You feel attractive to monsters.
* * * LOW HITPOINT WARNING * * *
You feel very sick. The kobold is attracted toward you.
It was a potion of lignification.
You turn into a tree.
Your +0 robe melds into your body.
Your roots penetrate the ground.
* * * LOW HITPOINT WARNING * * *
You feel very sick. The bat hits you but does no damage.
The adder completely misses you. The bat is attracted toward you.
It was a potion of magic.
Magic courses through your body.
* * * LOW HITPOINT WARNING * * *
You feel sick. The bat hits you but does no damage. The adder bites you.
* * * LOW HITPOINT WARNING * * *
You barely miss the adder.
The adder is lightly wounded.
* * * LOW HITPOINT WARNING * * *
You feel very sick. The bat hits you but does no damage.
The adder bites you but does no damage. The kobold hits you but does no damage.
You are more poisoned.
The adder bites you but does no damage. The rat is attracted toward you.
You barely miss the adder.
The adder is lightly wounded.
You die...

........###.....#..#.#
........##........#.#.#
........##.....#..... ##
...................###.
........###......#....
..........#...#...#.##
................#..#.#
.......##.††...K..^.#.(#
.....#.##......S♣....#
...... #......#r#####
.....# #......§... ...##
#.#........ ....
........#..#
##.....#...#.
#........#... #.........
##


You could see an adder, a kobold and a rat.

Vanquished Creatures
  A gnoll (D:1)
  An adder (D:2)
  A worm (D:1)
  2 dart slugs
  A giant cockroach (D:1)
  4 hobgoblins (D:1)
  A quokka (D:1)
  2 ball pythons
  5 bats
  A frilled lizard (D:1)
  6 goblins
  2 kobolds (D:1)
  2 rats
29 creatures vanquished.

Vanquished Creatures (others)
  4 toadstools (D:1)
4 creatures vanquished.

Grand Total: 33 creatures vanquished

Notes
Turn   | Place    | Note
-------+----------+-------------------------------------------
     0 | D:1      | purpskrrrp the Troll Warper began the quest for the Orb.
     0 | D:1      | Reached XP level 1. HP: 19/19 MP: 1/1
    44 | D:1      | Reached XP level 2. HP: 5/28 MP: 3/3
   380 | D:1      | Reached XP level 3. HP: 35/35 MP: 4/4
   819 | D:2      | Found Marix's General Store.
   826 | D:2      | Found a snail-covered altar of Cheibriados.
   839 | D:2      | Became a worshipper of Cheibriados the Contemplative
   889 | D:2      | Learned a level 2 spell: Blink
   937 | D:2      | HP: 1/52 [poisoned by a kobold]
   938 | D:2      | Succumbed to a kobold's poison

Illustrated notes

Levels and vault maps discovered:
D:1:      amcnicky_arrival_wind_blow, layout_basic, minmay_gold_behind_fungi,
          chequers_serial_rivers_marsh, kennysheep_pointless_box,
          chequers_serial_rivers_marsh, hangedman_abyss_or_decor_stabs,
          nicolae_wormholes
D:2:      minmay_wonky_spiral, layout_rooms, serial_shops, nicolae_shop_trees,
          shop, shop, basic_altar, minmay_increasing_density

Skill      XL: |  1  2  3 |
---------------+----------+-----
Dodging        | 2 |  2.2
Fighting       | 2 |  2.0
Throwing       | |  0.8
Unarmed Combat | |  2.8
Spellcasting   | |  1.5
Translocations | |  2.4

Action                   || total
-------------------------++-------
Melee: Unarmed           ||    86
       Punch             ||     1
Throw: Boomerang         ||     6
 Cast: Blink             ||     1
  Use: Potion            ||     3
Armor: Robe              ||    39
       Skin              ||     6
Dodge: Dodged            ||    64

Table legend: (Time is in decaauts)
 A = Elapsed time spent in this place.
 B = Non-inter-level travel time spent in this place.
 C = Inter-level travel time spent in this place.
 D = Time resting spent in this place.
 E = Time spent auto-exploring this place.
 F = Levels seen in this place.
 G = Mean time per level.
                   A        B        C        D        E       F      G
               +--------+--------+--------+--------+--------+-----+--------+
         Total |    958 |    905 |     53 |     10 |    665 |   2 |  479.0 |
       Dungeon |    958 |    905 |     53 |     10 |    665 |   2 |  479.0 |
               +--------+--------+--------+--------+--------+-----+--------+

Top non-repeatable levels by time:
     D:1: 825 daAuts
     D:2: 133 daAuts
